 Dungeon Crawl Stone Soup version 0.30-a0-840-ga523dec638 (webtiles) character file.

Game seed: 12934202244934849476

1369 cforsyth the Covert (level 8, -5/76 HPs)
             Began as a Kobold Brigand on Mar 2, 2023.
             Was an Initiate of Hepliaklqana.
             Slain by an orc knight
             ... wielding a +0 trident
              (13 damage)
             ... in a bailey.
             The game lasted 00:07:13 (5204 turns).

cforsyth the Covert (Kobold Brigand)                Turns: 5204, Time: 00:07:13

Health: -5/76      AC: 24    Str:  8    XL:     8   Next: 97%
Magic:  8/8        EV:  3    Int: 12    God:    Hepliaklqana [......]
Gold:   320        SH:  0    Dex: 19    Spells: 7/7 levels left

rFire   . . .      SeeInvis .    a - +3 dagger
rCold   . . .      Faith    .    (no shield)
rNeg    . . .      Spirit   .    (body armour currently unavailable)
rPois   +          Reflect  .    (helmet currently unavailable)
rElec   .          Harm     .    (cloak currently unavailable)
rCorr   .          Rampage  .    (gloves currently unavailable)
Will    .....      NoTele   +    (boots currently unavailable)
Stlth   +++++                    (no amulet)
HPRegen 0.32/turn                (no ring)
MPRegen 0.11/turn                (no ring)

@: mighty, tree-form
A: stationary, stasis, torment immunity, boosted hp, small, no large weapons,
nightstalker 3
a: Renounce Religion


You were in a bailey.
You worshipped Hepliaklqana.
Hepliaklqana was noncommittal.
You were a tree.
You visited 2 branches of the dungeon, and saw 8 of its levels.
You also visited: Bailey.

You collected 320 gold pieces.

Inventory:

Hand Weapons
 a - a +3 dagger (weapon)
Missiles
 d - 9 poisoned darts (quivered)
 e - 3 curare-tipped darts
Armour
 b - a +0 robe
 c - a +0 cloak (melded)
 i - a +0 pair of boots (melded)
 j - a +0 pair of gloves (melded)
 m - the +1 leather armour of Zuej (melded) {rPois rN+ Int-2}
   (You found it on level 2 of the Dungeon)

   Int:       It affects your intelligence (-2).
   rPois:     It protects you from poison.
   rN:        It protects you from negative energy.
 q - the +0 helmet of Inference (melded) {rC+}
   (You found it on level 2 of the Dungeon)

   rC:        It protects you from cold.
Jewellery
 A - the Hermit's Pendant {Faith Invo=14 Evo=0 MP+5}
   (You found it on level 6 of the Dungeon)

   [amulet of faith]

   Invo=14: It sets your Invocations skill to 14.
   Evo=0: It sets your Evocations skill to 0.
   It allows you to gain divine favour quickly.
   MP:        It affects your magic capacity (+5).
 B - an amulet of magic regeneration
Scrolls
 g - 3 scrolls of enchant weapon
 l - a scroll of brand weapon {unknown}
 n - 3 scrolls of enchant armour {unknown}
 o - a scroll of fog {unknown}
 p - a scroll of immolation
 s - 3 scrolls of poison {unknown}
 u - a scroll of vulnerability
 v - a scroll of teleportation
 C - a scroll of fear {unknown}
Potions
 f - 3 potions of resistance
 h - a potion of attraction
 r - 2 potions of curing
 t - 3 potions of heal wounds
 z - a potion of brilliance {unknown}


   Skills:
 + Level 6.0 Fighting
 + Level 7.2 Short Blades
 - Level 2.1 Throwing
 + Level 6.1 Dodging
 + Level 9.1 Stealth


You had 7 spell levels left.
You didn't know any spells.
Your spell library was empty.

Dungeon Overview and Level Annotations

Branches:
Dungeon (7/15)             Temple (1/1) D:6          Bailey (1/1)

Altars:
Cheibriados
Fedhas
Gozag
Hepliaklqana
Makhleb
Nemelex Xobeh
Qazlal
Ru
Sif Muna
Vehumet
Wu Jian
Xom
Yredelemnul

Shops:
D:4 =

Annotations:
D:5 Eustachio; Grinder
D:6 2 runed translucent doors, Crazy Yiuf; Nacht's ghost, novice DsEE


Innate Abilities, Weirdness & Mutations

You are a tree.
Your roots penetrate the ground, keeping you stationary.
You cannot be teleported.
You are immune to unholy pain and torment.
Your maximum health is greatly increased.
Your equipment is partially melded.
You are small and have problems with some larger weapons.
You are completely attuned to the shadows.


Message History

It was a potion of might.
You feel very mighty all of a sudden.
The orc knight hits you with a +0 trident!
Really quaff the potion of lignification?
You turn into a tree.
Your +0 cloak melds into your body.
The +0 helmet of Inference {rC+} melds into your body.
Your +0 pair of gloves melds into your body.
Your +0 pair of boots melds into your body.
The +1 leather armour of Zuej {rPois rN+ Int-2} melds into your body.
Your roots penetrate the ground.
The orc knight hits you with a +0 trident!
You hit the orc knight.
The orc knight is lightly wounded.
You miss the orc knight.
The orc knight is lightly wounded.
The orc knight hits you with a +0 trident.
You hit the orc knight.
The orc knight is lightly wounded.
You closely miss the orc knight.
The orc knight is lightly wounded.
The orc knight hits you with a +0 trident!
You hit the orc knight.
The orc knight is lightly wounded.
The orc knight hits you with a +0 trident.
You hit the orc knight.
The orc knight is lightly wounded.
You hit the orc knight.
The orc knight is moderately wounded.
The orc knight hits you with a +0 trident!
* * * LOW HITPOINT WARNING * * *
You miss the orc knight.
The orc knight is moderately wounded.
The orc knight hits you with a +0 trident!
* * * LOW HITPOINT WARNING * * *
You puncture the orc knight!
The orc knight is moderately wounded.
You closely miss the orc knight.
The orc knight is moderately wounded.
The orc knight hits you with a +0 trident!
You die...

#≈≈..####....)...####
#≈≈≈...............
#≈≈≈≈............♣.
#≈≈≈≈≈≈o..#....#...
#≈≈≈≈≈≈≈≈≈#....#≈≈≈
♣♣≈≈≈≈≈≈≈#....#≈≈≈≈≈≈≈#
♣.≈≈≈≈≈≈#....#≈≈≈≈≈≈≈#
♣...≈≈≈≈#....#≈≈≈≈≈≈≈#
♣♣.....♣#....#....≈≈≈#
♣♣.....o..........≈≈#
###.♣♣.......♣.♣..♣#
#.♣............♣♣
#............###
##..........##
#...)).....#
#♣..∩..∩..♣# ♣........♣


You could see an orc knight.

Vanquished Creatures
  Menkaure (D:6)
  Edmund (D:6)
  A black bear (D:6)
  2 orc warriors (Bailey)
  An ice beast (D:5)
  An ogre (D:6)
  A phantom (D:6)
  A scorpion (D:4)
  2 hounds (D:6)
  A jelly (D:6)
  Natasha (thrice) (D:2)
  4 iguanas
  5 orc wizards
  9 adders
  A shadow imp (D:6)
  A white imp (D:6)
  A worm (D:2)
  4 dart slugs
  8 orcs
  8 ball pythons
  An endoplasm (D:2)
  3 giant cockroaches
  5 hobgoblins
  3 jackals (D:3)
  8 kobolds
  4 quokkas
  6 bats
  A frilled lizard (D:2)
  4 goblins
  2 rats (D:2)
93 creatures vanquished.

Notes
Turn   | Place    | Note
-------+----------+-------------------------------------------
     0 | D:1      | cforsyth the Kobold Brigand began the quest for the Orb.
     0 | D:1      | Reached XP level 1. HP: 12/12 MP: 1/1
   167 | D:1      | Reached XP level 2. HP: 18/18 MP: 2/2
   306 | D:1      | Found a faded altar of an unknown god.
   780 | D:2      | Noticed Natasha
   785 | D:2      | Noticed a crimson imp
   794 | D:2      | Killed Natasha
   795 | D:2      | Reached XP level 3. HP: 14/22 MP: 3/3
   871 | D:2      | Reached XP level 4. HP: 27/27 MP: 4/4
   945 | D:2      | Reached skill level 6 in Stealth
   954 | D:2      | Identified the +1 leather armour of Zuej {rPois rN+ Int-2}
  1052 | D:2      | Noticed Natasha
  1066 | D:2      | Killed Natasha
  1067 | D:2      | Reached XP level 5. HP: 15/32 MP: 5/5
  1269 | D:2      | Noticed Natasha
  1286 | D:2      | Killed Natasha
  1462 | D:2      | Identified the +0 helmet of Inference {rC+}
  2353 | D:4      | Identified the +0 ring mail "Vepa" {rElec rPois rN+++
                  | Str-5}
  2380 | D:4      | Reached XP level 6. HP: 37/37 MP: 6/6
  2718 | D:4      | Reached skill level 7 in Stealth
  2760 | D:4      | Identified the +3 robe "Oquczel" {Rampage Dex+4 Stlth-}
  2762 | D:4      | Found Jaaviy's Jewellery Boutique.
  3119 | D:4      | Reached skill level 5 in Short Blades
  3126 | D:5      | Entered Level 5 of the Dungeon
  3126 | D:5      | Noticed an ice beast
  3129 | D:5      | Killed an ice beast
  3130 | D:5      | Reached XP level 7. HP: 44/44 MP: 7/7
  3149 | D:5      | Identified the +5 chain mail of Okawaru, Baking {Regen+
                  | rCorr}
  3259 | D:5      | Noticed Eustachio
  3475 | D:6      | Identified the +1 quarterstaff "Aseeret" {flame, rPois
                  | Int-5 Dex+9 Stlth+}
  3535 | D:6      | Noticed Edmund
  3538 | D:6      | Killed Edmund
  3703 | D:6      | Found a staircase to the Ecumenical Temple.
  3713 | Temple   | Entered the Ecumenical Temple
  3835 | Temple   | Became a worshipper of Hepliaklqana the Forgotten
  4054 | D:6      | Reached skill level 5 in Fighting
  4054 | D:6      | Reached skill level 5 in Dodging
  4054 | D:6      | Reached XP level 8. HP: 49/49 MP: 8/8
  4076 | D:6      | Noticed Menkaure
  4080 | D:6      | Killed Menkaure
  4081 | D:6      | Reached skill level 8 in Stealth
  4306 | D:6      | Found a runed translucent door.
  4308 | D:6      | Noticed Nacht's ghost (novice DsEE)
  4345 | D:6      | Found a runed translucent door.
  4348 | D:6      | Noticed Crazy Yiuf
  4650 | D:6      | Found the Hermit's Pendant {Faith Invo=14 Evo=0 MP+5}
  4902 | D:5      | Noticed Grinder
  4947 | D:7      | Found a flagged portal.
  4957 | Bailey   | Entered a bailey
  5107 | Bailey   | Reached skill level 9 in Stealth
  5191 | Bailey   | Noticed an orc knight
  5204 | Bailey   | Slain by an orc knight

Illustrated notes

Levels and vault maps discovered:
D:1:      mrwooster_arrival_arrow, layout_basic, nicolae_ecumenical_lake_church
D:2:      layout_loops_ring, uniq_natasha
D:3:      layout_loops_ring, gup_sewer_entry_glass, grunt_ministairs_3,
          kennysheep_generic_room_16
D:4:      layout_basic, serial_shops, nicolae_diamond_shop
D:5:      cheibrodos_thug_alley, layout_cave_pools,
          chequers_temple_overflow_statue_of_worship, kennysheep_mini_moat,
          uniq_eustachio, uniq_grinder
D:6:      layout_basic, minmay_temple_entry_antechambers, gammafunk_ghost_grave,
          dk_noncrumbling_2, uniq_crazy_yiuf_cottage, uniq_menkaure, uniq_edmund
D:7:      layout_layer_cave, lemuel_tele_altar, enter_bailey_6, uniq_duvessa
Temple:   nicolae_temple_bog_church
Bailey:   bailey_polearm_elven_captive_hellmonk, bailey

Skill      XL: |  1  2  3  4  5  6  7  8 |
---------------+-------------------------+-----
Short Blades   | 3 4 5 6 7 |  7.2
Dodging        | 2 3 4 5 6 |  6.1
Fighting       | 3 4 5 6 |  6.0
Stealth        | 6 7 9 |  9.1
Throwing       | |  2.1

Action                     |  1- 3 |  4- 6 |  7- 9 || total
---------------------------+-------+-------+-------++-------
  Melee: Dagger            |    50 |   262 |   169 ||   481
         Punch             |       |     3 |     3 ||     6
    Use: Scroll            |       |     8 |     3 ||    11
         Potion            |       |       |     2 ||     2
   Stab: Sleeping          |     5 |    23 |    13 ||    41
         Distracted        |     1 |     3 |       ||     4
 Armour: Robe              |    11 |     3 |       ||    14
         Leather armour    |       |    58 |    32 ||    90
  Dodge: Dodged            |    38 |   147 |    62 ||   247

Table legend: (Time is in decaauts)
 A = Elapsed time spent in this place.
 B = Non-inter-level travel time spent in this place.
 C = Inter-level travel time spent in this place.
 D = Time resting spent in this place.
 E = Time spent auto-exploring this place.
 F = Levels seen in this place.
 G = Mean time per level.
                   A        B        C        D        E       F      G
               +--------+--------+--------+--------+--------+-----+--------+
         Total |   5114 |   4993 |    121 |    645 |   3330 |   9 |  568.2 |
       Dungeon |   4591 |   4482 |    109 |    545 |   3027 |   7 |  655.9 |
        Temple |    284 |    273 |     11 |      0 |    254 |   1 |  284.0 |
        Bailey |    239 |    239 |      0 |    100 |     49 |   1 |  239.0 |
               +--------+--------+--------+--------+--------+-----+--------+

Top non-repeatable levels by time:
     D:6: 1350 daAuts
     D:2: 1019 daAuts
     D:4: 949 daAuts
     D:1: 737 daAuts
     D:3: 366 daAuts
  Temple: 284 daAuts
  Bailey: 239 daAuts
     D:5: 137 daAuts
     D:7: 29 daAuts
